 Dungeon Crawl Stone Soup version 0.31.0 (webtiles) character file.

Game seed: 12763065864031235683

12 qw the Shooter (level 2, -1/17 HPs)
             Began as a Gargoyle Hunter on Jan 20, 2024.
             Slain by a gnoll
             ... wielding a +0 flail
              (2 damage)
             ... on level 2 of the Dungeon.
             The game lasted 00:00:02 (716 turns).

qw the Shooter (Gargoyle Hunter)                     Turns: 716, Time: 00:00:03

Health: -1/17      AC: 10    Str: 11 (14) XL:     2   Next: 33%
Magic:  2/2        EV: 10    Int:  7 (9)  God:
Gold:   64         SH:  0    Dex: 11 (13) Spells: 1/1 levels left

rFire   . . .        a - +0 shortbow
rCold   . . .        (shield currently unavailable)
rNeg    + . .        d - +0 ring mail
rPois   inf          (no helmet)
rElec   +            (no cloak)
rCorr   .            k - +2 pair of gloves
SInv    .            (no boots)
Will    .....        (no amulet)
Stlth   +            (no ring)
HPRegen 0.22/turn    (no ring)
MPRegen 0.08/turn

%: no passive effects
@: about to teleport
A: sickness immunity, AC +2, negative energy resistance 1, electricity
resistance, torment resistance 1, petrification resistance
a: no special abilities


You were on level 2 of the Dungeon.
You visited 1 branch of the dungeon, and saw 2 of its levels.

You collected 64 gold pieces.


Innate Abilities, Weirdness & Mutations

You are immune to sickness and miasma.
Your stone body is resilient. (AC +2)
You are immune to poison.
You resist negative energy. (rN+)
You are resistant to electric shocks. (rElec)
You are resistant to unholy torment.
You are immune to petrification.


   Skills:
 - Level 2.1 Fighting
 - Level 4.5 Ranged Weapons
 + Level 0.0 Armour
 - Level 1.5 Dodging
 - Level 1.1 Stealth


You had one spell level left.
You didn't know any spells.
Your spell library was empty.

Inventory:

Hand Weapons
 a - a +0 shortbow (weapon)
Armour
 d - a +0 ring mail (worn)
 k - a +2 pair of gloves (worn)
Potions
 j - a potion of brilliance {unknown}

Dungeon Overview and Level Annotations

Branches:
Dungeon (2/15)

Altars:

Shops:
D:1 !


Message History

The gnoll shouts!
You hear a shout! x2
The gnoll moves out of view.
A gnoll comes into view. It is wielding a +0 flail.
You shoot an arrow. The arrow hits the gnoll.
The gnoll is lightly wounded.
You hear a shout!
A gnoll comes into view. It is wielding a +0 halberd.
You shoot an arrow.
The arrow hits the gnoll but does no damage.
The gnoll is lightly wounded.
The gnoll hits you from afar with a +0 halberd.
A gnoll comes into view. It is wielding a +0 whip.
707 ||| RETREEEEATING.
The gnoll attacks as it pursues you!
The gnoll hits you from afar with a +0 halberd.
708 ||| RETREEEEATING.
The gnoll attacks as it pursues you! The gnoll closely misses you.
The gnoll attacks as it pursues you! The gnoll hits you but does no damage.
There is an open door here.
709 ||| RETREEEEATING.
710 ||| RETREEEEATING.
The gnoll attacks as it pursues you! The gnoll hits you with a +0 flail.
711 ||| RETREEEEATING.
You shoot an arrow. The arrow closely misses the gnoll. x2
The gnoll hits you but does no damage. The gnoll closely misses you.
You shoot an arrow. The arrow hits the gnoll.
The gnoll is moderately wounded.
The gnoll closely misses you. The gnoll barely misses you.
The gnoll hits you but does no damage.
The gnoll hits you from afar with a +0 halberd.
714 ||| READING scroll of teleportation.
As you read the scroll of teleportation, it crumbles to dust.
You feel strangely unstable. The gnoll hits you but does no damage.
The gnoll hits you with a +0 flail. The gnoll barely misses you.
715 ||| RETREEEEATING.
You shoot an arrow. The arrow hits the gnoll.
The gnoll is heavily wounded.
The gnoll hits you with a +0 flail.
You die...

#########.######.#.#
..........##.....#.#
##.g.##.#####.#
#....##.# #.#
#####g#####.##
+....g#......#
#.###g##.#####
#g#..# #.###@#.##
#.....'.# #+#####.#
#.......# #########


You could see 4 gnolls.

Vanquished Creatures
  An endoplasm (D:1)
  A giant cockroach (D:1)
  2 goblins (D:1)
  2 hobgoblins (D:1)
  A kobold (D:1)
  A ball python (D:1)
  2 frilled lizards (D:1)
  A rat (D:1)
11 creatures vanquished.

Notes
Turn   | Place    | Note
-------+----------+-------------------------------------------
     0 | D:1      | qw the Gargoyle Hunter began the quest for the Orb.
     0 | D:1      | Reached XP level 1. HP: 12/12 MP: 1/1
     0 | D:1      | 0 ||| qw: Version: 0.3-a-132-g3d54051
     0 | D:1      | 0 ||| qw: Game counter: 490
     0 | D:1      | 0 ||| qw: Melee chars always use a shield: true
     0 | D:1      | 0 ||| qw: God list: Okawaru
     0 | D:1      | 0 ||| qw: Allow faded altars: false
     0 | D:1      | 0 ||| qw: Do Orc after clearing Dungeon:15 true
     0 | D:1      | 0 ||| qw: Do second Lair branch before Depths: true
     0 | D:1      | 0 ||| qw: Lair rune preference: random
     0 | D:1      | 0 ||| qw: Goals: Normal
     0 | D:1      | 0 ||| PLANNING D:1-11
    46 | D:1      | Found Feekk's Distillery.
    47 | D:1      | Found a faded altar of an unknown god.
    67 | D:1      | 67 ||| SHOPLISTING potion of curing (30 gold, have 1).
    67 | D:1      | 67 ||| SHOPLISTING potion of enlightenment (50 gold, have
                  | 1).
    67 | D:1      | 67 ||| SHOPLISTING potion of might (40 gold, have 1).
   325 | D:1      | Reached XP level 2. HP: 17/17 MP: 2/2
   630 | D:1      | 630 ||| UPGRADING to +0 ring mail.
   640 | D:1      | 640 ||| DROPPING +0 leather armour.
   641 | D:1      | 641 ||| UPGRADING to +2 pair of gloves.
   646 | D:1      | 646 ||| READING 2 scrolls labelled URCHYTH HIQI.
   647 | D:1      | 647 ||| READING scroll labelled CEAPYE RAGI.
   647 | D:1      | 647 ||| IDENTIFYING viscous white potion
   648 | D:1      | 648 ||| READING 2 scrolls labelled XESOANKAMO.
   653 | D:1      | 653 ||| DRINKING 2 viscous grey potions.
   654 | D:1      | 654 ||| DROPPING scroll of butterflies.
   655 | D:1      | 655 ||| DROPPING scroll of fear.
   656 | D:1      | 656 ||| DROPPING potion of lignification.
   657 | D:1      | 657 ||| DROPPING potion of degeneration.
   707 | D:2      | 707 ||| RETREEEEATING.
   708 | D:2      | 708 ||| RETREEEEATING.
   709 | D:2      | 709 ||| RETREEEEATING.
   710 | D:2      | 710 ||| RETREEEEATING.
   711 | D:2      | 711 ||| RETREEEEATING.
   713 | D:2      | HP: 3/17 [gnoll/+0 halberd (6)]
   714 | D:2      | 714 ||| READING scroll of teleportation.
   714 | D:2      | HP: 1/17 [gnoll/+0 flail (3)]
   715 | D:2      | 715 ||| RETREEEEATING.
   716 | D:2      | Slain by a gnoll

Levels and vault maps discovered:
D:1:      nicolae_arrival_memento_mori, layout_loops_ring,
          hellmonk_ecumenical_altar_pennies_from_heaven, serial_shops,
          nicolae_shop_hallway_plus
D:2:      layout_basic, serial_co_window_serial, co_window_corner_a,
          co_window_paths_a, co_window_paths_a, co_window_corner_a,
          co_window_paths_a, co_window_2corner, co_window_corner_ca,
          co_window_of_opportunity_b, co_window_paths_c, co_window_corner_ca,
          co_window_broadway_a, glass_columns_a, glass_columns_b,
          glass_columns_c, glass_columns_b, glass_columns_b,
          minmay_misc_feat_encased, minmay_three_crescents

Action                     || total
---------------------------++-------
   Fire: Shortbow          ||    29
    Use: Scroll            ||     4
         Potion            ||     1
 Armour: Ring mail         ||    10
         Leather armour    ||     2
  Dodge: Dodged            ||     7

Table legend:
 A = Non-vault XP
 B = Vault XP
 C = Vault XP percentage of total XP
 D = Non-vault monster count
 E = Vault monster count
 F = Vault count percentage of total count
                 A         B        C        D         E       F
            +---------+---------+-------+---------+---------+-------
      Total |      18 |       0 |   0.0 |      11 |       0 |   0.0
            +---------+---------+-------+---------+---------+-------
        D:1 |      18 |       0 |   0.0 |      11 |       0 |   0.0
            +---------+---------+-------+---------+---------+-------
